 Dungeon Sprint DCSS version 0.26-a0-672-g1df16c3386 (webtiles) character file.

Game seed: 11263399266878420111

286 mhtbhm the Basher (level 6, -1/67 HPs)
             Began as a Troll Berserker on Oct 20, 2020.
             Was a Priest of Trog.
             Slain by a hornet (3 damage)
             ... in the Dungeon (Sprint IX: "|||||||||||||||||||||||||||||").
             The game lasted 00:00:55 (212 turns).

mhtbhm the Basher (Troll Berserker)                  Turns: 212, Time: 00:00:56

Health: -1/67      AC:  6    Str: 28    XL:     6   Next: 8%
Magic:  5/5        EV: 13    Int:  3    God:    Trog [***...]
Gold:   0          SH:  0    Dex: 15    Spells: 5/5 levels left

rFire    . . .     SeeInvis .   a - +0 mace
rCold    . . .     Faith    .   (no shield)
rNeg     . . .     Spirit   .   b - +0 animal skin
rPois    .         Reflect  .   (helmet restricted)
rElec    .         Harm     .   (no cloak)
rCorr    .         Rampage  .   (gloves unavailable)
MR       .....     NoTele   +   (boots unavailable)
Stlth    +.........             (no amulet)
HPRegen  0.61/turn              l - +3 ring of dexterity
MPRegen  0.09/turn              m - +3 ring of dexterity

@: lethally poisoned (-1 -> -2), berserk cooldown, slowed, very slow
A: large, unfitting armour, claws 3, regeneration 1, shaggy fur 1, tough skin 3
a: Berserk, Trog's Hand, Renounce Religion


You were in the Dungeon.
You worshipped Trog.
Trog was most pleased with you.
You visited 1 branch

Inventory:

Hand Weapons
 a - a +0 mace (weapon)
Armour
 b - a +0 animal skin (worn)
Jewellery
 l - a +3 ring of dexterity (left claw)
 m - a +3 ring of dexterity (right claw)
Wands
 k - a wand of iceblast (9)
Scrolls
 h - 2 scrolls of blinking
 j - 3 scrolls of remove curse
Potions
 c - 5 potions of curing
 d - a potion of invisibility
 e - a potion of haste
 f - 4 potions of magic
 g - a potion of berserk rage
 i - 2 potions of heal wounds


   Skills:
 + Level 5.9 Fighting
 + Level 8.1 Maces & Flails
 + Level 6.4 Dodging


You had 5 spell levels left.
You didn't know any spells.
Your spell library was empty.

Dungeon Overview and Level Annotations

Branches:
Dungeon (1/1)

Altars:
Cheibriados
Dithmenos
Elyvilon
Fedhas
Gozag
Hepliaklqana
Kikubaaqudgha
Makhleb
Nemelex Xobeh
Okawaru
Qazlal
Ru
Sif Muna
Trog
Uskayaw
Vehumet
Wu Jian
Xom
Yredelemnul
Zin
The Shining One
Beogh
Jiyva
Lugonu


Innate Abilities, Weirdness & Mutations

You are too large for most types of armour.
You have claws for hands.
Your natural rate of healing is unusually fast.
You are covered in fur. (AC +1)
You have extremely tough skin. (AC +3)


Message History

The hornet stings you!
You are poisoned.
You feel as though you will be slow longer.
You sock the hornet!
The hornet is severely wounded.
You feel sick. The hornet closely misses you. The hornet misses you.
Unknown command.
You hit the hornet but do no damage.
The hornet is severely wounded.
You feel sick. The hornet stings you!
* * * LOW HITPOINT WARNING * * *
You feel as though you will be slow longer.
The hornet stings you!
* * * LOW HITPOINT WARNING * * *
You feel as though you will be slow longer.
The hornet closely misses you.
You barely miss the hornet.
The hornet is severely wounded.
You feel sick. The hornet closely misses you. The hornet stings you.
You die... ▓▓▓▓▓▓▓▓▓▓▓▓▓▓▓▓▓▓▓▓▓▓▓▓▓▓▓▓ ......†.Zcy@.)?.'___________ ▓▓▓▓▓▓▓▓▓▓▓▓▓▓▓▓▓▓▓▓▓▓▓▓▓▓▓▓

You could see a hornet, a centaur and a jackal zombie.

Vanquished Creatures
  A centaur (D)
  A big kobold (D)
  A howler monkey (D)
  2 hounds (D)
  A worker ant (D)
  An adder (D)
  A worm (D)
  2 hobgoblins (D)
  A bat (D)
  A frilled lizard (D)
  A kobold (D)
13 creatures vanquished.

Notes
Turn   | Place    | Note
-------+----------+-------------------------------------------
     0 | D        | mhtbhm the Troll Berserker began the quest for the Orb.
     0 | D        | Reached XP level 1. HP: 22/22 MP: 0/0
     9 | D        | Reached skill level 3 in Maces & Flails
    10 | D        | Reached ** piety under Trog
    59 | D        | Noticed a centaur
    59 | D        | Noticed a howler monkey
    59 | D        | Noticed a hound
    63 | D        | Reached XP level 2. HP: 31/31 MP: 1/1
    67 | D        | Reached *** piety under Trog
    67 | D        | Reached skill level 4 in Maces & Flails
    67 | D        | Reached XP level 3. HP: 39/39 MP: 2/2
    70 | D        | Reached skill level 5 in Maces & Flails
    70 | D        | Reached XP level 4. HP: 48/48 MP: 3/3
    88 | D        | Killed a centaur
    88 | D        | Reached skill level 5 in Fighting
    88 | D        | Reached skill level 6 in Maces & Flails
    88 | D        | Reached skill level 5 in Dodging
    88 | D        | Reached XP level 5. HP: 28/57 MP: 4/4
   134 | D        | Found a roughly hewn altar of Beogh.
   134 | D        | Found a snail-covered altar of Cheibriados.
   134 | D        | Found a shadowy altar of Dithmenos.
   134 | D        | Found a white marble altar of Elyvilon.
   134 | D        | Found a blossoming altar of Fedhas.
   134 | D        | Found an opulent altar of Gozag.
   135 | D        | Found a hazy altar of Hepliaklqana.
   136 | D        | Found a viscous altar of Jiyva.
   137 | D        | Found an ancient bone altar of Kikubaaqudgha.
   138 | D        | Found a corrupted altar of Lugonu.
   139 | D        | Found a burning altar of Makhleb.
   140 | D        | Found a sparkling altar of Nemelex Xobeh.
   141 | D        | Found an iron altar of Okawaru.
   142 | D        | Found a stormy altar of Qazlal.
   143 | D        | Found a sacrificial altar of Ru.
   144 | D        | Found a shimmering blue altar of Sif Muna.
   145 | D        | Found a bloodstained altar of Trog.
   146 | D        | Found a hide-covered altar of Uskayaw.
   147 | D        | Found a radiant altar of Vehumet.
   148 | D        | Found an ornate altar of the Wu Jian Council.
   149 | D        | Found a shimmering altar of Xom.
   150 | D        | Found a basalt altar of Yredelemnul.
   151 | D        | Found a glowing silver altar of Zin.
   152 | D        | Found a glowing golden altar of the Shining One.
   181 | D        | Noticed a centaur
   181 | D        | Noticed a hornet
   188 | D        | Reached **** piety under Trog
   188 | D        | Reached skill level 7 in Maces & Flails
   202 | D        | Reached skill level 8 in Maces & Flails
   202 | D        | Reached XP level 6. HP: 61/67 MP: 5/5
   211 | D        | HP: 2/67 [hornet (12)]
   212 | D        | Slain by a hornet

Illustrated notes

Levels and vault maps discovered:
D:        linesprint [early_d, line_temple, items_1, d_10, items_2, lair_1,
          lair_end, items_3, orc_1, orc_end, items_4, d_15, swamp_1, shoals_1,
          snake_1, spider_1, d_20, vaults_1, items_5, swamp_end, shoals_end,
          snake_end, spider_end, vaults_end, d_27, items_6, zot_1, zot_end,
          crypt_end, forest_end, elf_end, slime_end, tomb_end, abyss_end,
          pan_hell_end]

Skill      XL: |  1  2  3  4  5 |
---------------+----------------+-----
Maces & Flails | 3 4 5 6 8 |  8.1
Fighting       | 3 4 5 |  5.9
Dodging        | 3 4 5 6 |  6.4

Action                   |  1- 3 |  4- 6 || total
-------------------------+-------+-------++-------
Melee: Mace              |    20 |    40 ||    60
Invok: Berserk           |     2 |     1 ||     3
       Brothers in Arms  |       |     1 ||     1
Evoke: Wand              |       |     1 ||     1
  Use: Potion            |       |     1 ||     1
Armor: Animal skin       |     4 |    11 ||    15
Dodge: Dodged            |     4 |    33 ||    37

Table legend: (Time is in decaauts)
 A = Elapsed time spent in this place.
 B = Non-inter-level travel time spent in this place.
 C = Inter-level travel time spent in this place.
 D = Time resting spent in this place.
 E = Time spent auto-exploring this place.
 F = Levels seen in this place.
 G = Mean time per level.
                   A        B        C        D        E       F      G
               +--------+--------+--------+--------+--------+-----+--------+
         Total |    233 |    233 |      0 |     93 |      8 |   1 |  233.0 |
       Dungeon |    233 |    233 |      0 |     93 |      8 |   1 |  233.0 |
               +--------+--------+--------+--------+--------+-----+--------+

Top non-repeatable levels by time:
       D: 233 daAuts
